 Dungeon Crawl Stone Soup version 0.31-a0-559-g03b8d61ab2 (webtiles) character file.

Game seed: 4322356272011439918

102 Ethylacetat the Insei (level 4, 0/31 HPs)
             Began as an Octopode Gladiator on Aug 17, 2023.
             Slain by a rat (3 damage)
             ... on level 1 of the Dungeon.
             The game lasted 00:01:51 (1466 turns).

Ethylacetat the Insei (Octopode Gladiator)          Turns: 1466, Time: 00:01:51

Health: 0/31       AC:  1    Str: 13    XL:     4   Next: 77%
Magic:  4/4        EV: 14    Int: 10    God:
Gold:   48         SH:  0    Dex: 15    Spells: 3/3 levels left

rFire   . .          .
                       - Unarmed
rCold   . . .        (no shield)
rNeg    . . .        a - +0 hat
rPois   .            (no amulet)
rElec   .            (no ring)
rCorr   .            (no ring)
SInv    .            (no ring)
Will    .....        (no ring)
Stlth   ++           (no ring)
HPRegen 0.25/turn    (no ring)
MPRegen 0.09/turn    (no ring)
                     (no ring)

%: no passive effects
@: no status effects
A: almost no armour, amphibious, 8 rings, camouflage 1, gelatinous body 1,
(nimble swimmer 1), tentacles
a: no special abilities


You were on level 1 of the Dungeon.
You visited 1 branch of the dungeon, and saw 2 of its levels.

You collected 48 gold pieces.

Inventory:

Missiles
 b - 4 throwing nets (quivered)
 c - a javelin
Armour
 a - a +0 hat (worn)
Jewellery
 l - a ring of wizardry
 m - a +6 ring of intelligence
Scrolls
 e - 2 scrolls of identify {unknown}
 g - a scroll of acquirement {unknown}
 i - a scroll of vulnerability {unknown}
 j - a scroll of noise {unknown}
 k - a scroll of teleportation {unknown}
 o - a scroll of immolation {unknown}
Potions
 d - a potion of heal wounds {unknown}
 f - a potion of mutation {unknown}
 h - 2 potions of curing {unknown}
 n - a potion of berserk rage {unknown}


   Skills:
 + Level 3.2 Fighting
 - Level 2.1 Throwing
 + Level 3.8 Dodging
 + Level 3.8 Unarmed Combat


You had 3 spell levels left.
You didn't know any spells.
Your spell library was empty.

Dungeon Overview and Level Annotations

Branches:
Dungeon (2/15)

Altars:
Sif Muna


Innate Abilities, Weirdness & Mutations

You cannot wear most types of armour.
You are amphibious.
You can wear up to eight rings at the same time.
Your skin changes colour to match your surroundings (Stealth+).
Your rubbery body absorbs attacks. (AC +1, EV +1)
((You are camouflaged when in or above water. (Stealth+)))
You have tentacles for arms and can constrict up to eight enemies at once.


Message History

The rat bites you. The gnoll hits you with a +0 halberd!
You rip the net and break free!
The hobgoblin shouts!
The rat completely misses you. The gnoll closely misses you.
The gnoll attacks as you move away! The gnoll closely misses you.
The rat attacks as you move away! The rat bites you but does no damage.
You see here a scroll labelled ETEHEI ZOFRAC.
The gnoll attacks as you move away! The gnoll hits you with a +0 halberd.
The rat attacks as you move away! The rat bites you. The gnoll misses you.
The rat attacks as you move away! The rat barely misses you.
Found a stone staircase leading up.
The rat attacks as you move away! The rat closely misses you.
The rat attacks as you move away! The rat closely misses you.
The rat attacks as you move away! The rat misses you.
There is a stone staircase leading up here.
You closely miss the rat. Your grab misses the rat.
You squeeze the rat, but do no damage. The rat barely misses you.
The rat misses you.
The gnoll hits you with a +0 vampiric whip!
You climb upwards.
There is a stone staircase leading down here.
You tentacle-slap the gnoll. Your grab misses the gnoll.
You squeeze the gnoll, but do no damage.
The gnoll is moderately wounded.
You tentacle-slap the gnoll. You grab the gnoll.
The gnoll is heavily wounded.
You constrict the gnoll. The rat misses you.
The gnoll hits you with a +0 vampiric whip!
* * * LOW HITPOINT WARNING * * *
The gnoll draws strength from your wounds!
You tentacle-slap the gnoll. You squeeze the gnoll.
The gnoll is almost dead.
You constrict the gnoll, but do no damage.
The rat bites you.
* * * LOW HITPOINT WARNING * * *
The gnoll misses you.
You tentacle-slap the gnoll.
You kill the gnoll!
The rat bites you.
You die...

#....#.#.#####.#.# #.##.#.#.#
#.#.# #.##.#)#.#####.#.##
#.##.#.#.#.........
#.##.....(.....#.## #########
#.##...#######.#.# ##.......#
#.#..#.........#.# ##........###
#..r############.# #...........#
#.@..............##
#...######'.###)###.....####.....
#..##.....#.......#####...##.....
..#.#.....#.......# #####.##.....
.#..#.....#.......###......#.....
.#..#.)...#......................
.#..#.....#.......###....#.......
.#..#######..#)#######.#.#......#
.#.#..)..#...#.#.....#.###....#.#


You could see a rat.

Vanquished Creatures
  5 gnolls
  An adder (D:2)
  7 endoplasms
  6 giant cockroaches
  6 goblins
  5 hobgoblins
  4 jackals (D:2)
  4 kobolds
  3 ball pythons (D:1)
  4 bats (D:1)
  3 frilled lizards
  4 rats
52 creatures vanquished.

Notes
Turn   | Place    | Note
-------+----------+-------------------------------------------
     0 | D:1      | Ethylacetat the Octopode Gladiator began the quest for the
                  | Orb.
     0 | D:1      | Reached XP level 1. HP: 14/14 MP: 1/1
   129 | D:1      | Reached XP level 2. HP: 17/19 MP: 2/2
   478 | D:1      | Reached XP level 3. HP: 20/25 MP: 3/3
   951 | D:2      | Reached XP level 4. HP: 5/30 MP: 4/4
  1299 | D:2      | Found a shimmering blue altar of Sif Muna.
  1466 | D:1      | Slain by a rat

Illustrated notes

Levels and vault maps discovered:
D:1:      giann_bridges, layout_basic, minmay_misc_feat_doors,
          minmay_misc_feat_ornament, hex_medium, minmay_3d_cube
D:2:      layout_basic, basic_altar

Skill      XL: |  1  2  3  4 |
---------------+-------------+-----
Fighting       | 3 |  3.2
Throwing       | |  2.1
Dodging        | |  3.8
Unarmed Combat | |  3.8

Action                     |  1- 3 |  4- 6 || total
---------------------------+-------+-------++-------
  Melee: Unarmed           |    74 |    43 ||   117
         Tentacles         |    17 |     9 ||    26
         Constrict         |    13 |    12 ||    25
         Punch             |     2 |     2 ||     4
   Stab: Sleeping          |     6 |     1 ||     7
 Armour: Skin              |     3 |     8 ||    11
  Dodge: Dodged            |    63 |    51 ||   114

Table legend: (Time is in decaauts)
 A = Elapsed time spent in this place.
 B = Non-inter-level travel time spent in this place.
 C = Inter-level travel time spent in this place.
 D = Time resting spent in this place.
 E = Time spent auto-exploring this place.
 F = Levels seen in this place.
 G = Mean time per level.
                   A        B        C        D        E       F      G
               +--------+--------+--------+--------+--------+-----+--------+
         Total |   1460 |   1445 |     15 |    179 |    936 |   2 |  730.0 |
       Dungeon |   1460 |   1445 |     15 |    179 |    936 |   2 |  730.0 |
               +--------+--------+--------+--------+--------+-----+--------+

Top non-repeatable levels by time:
     D:1: 882 daAuts
     D:2: 577 daAuts
